 Dungeon Crawl Stone Soup version 0.21-a0-536-gdbbf329 (webtiles) character file.

27 sugabear the Changer (level 3, 0/28 HPs)
             Began as a Gnoll Wanderer on Dec 15, 2017.
             Slain by a worm (8 damage)
             ... on level 2 of the Dungeon.
             The game lasted 00:01:06 (567 turns).

sugabear the Changer (Gnoll Wanderer)                Turns: 567, Time: 00:01:07

Health: 0/28       AC:  2    Str: 16    XL:     3   Next: 10%
Magic:  3/3        EV: 11    Int: 14    God:
Gold:   33         SH:  0    Dex: 13    Spells: 3/3 levels left

rFire    . . .     SeeInvis .   i - +0 short sword (venom)
rCold    . . .     Gourm    .   (no shield)
rNeg     . . .     Faith    .   d - +0 robe
rPois    .         Spirit   .   (no helmet)
rElec    .         Reflect  .   (no cloak)
rCorr    .         Harm     .   (no gloves)
MR       .....                  (no boots)
Stlth    +++.......             (no amulet)
HPRegen  0.09/turn              (no ring)
MPRegen  0.08/turn              (no ring)

@: no status effects
A: distributed training, fangs 1, strong nose
a: no special abilities


You were on level 2 of the Dungeon.
You were not hungry.

You visited 1 branch of the dungeon, and saw 2 of its levels.

You collected 33 gold pieces.

Inventory:

Hand Weapons
 e - a +0 club
 f - a +0 dagger
 i - a +0 short sword of venom (weapon)
Missiles
 k - 16 stones (quivered)
Armour
 d - a +0 robe (worn)
Scrolls
 c - 2 scrolls of teleportation
Potions
 h - a potion of mutation {unknown}
 j - a potion of ambrosia {unknown}
Books
 a - a book of Geomancy

   Spells                             Type                      Level
   a - Sandblast                      Earth                        1
   b - Passwall                       Transmutation/Earth          2
   c - Stone Arrow                    Conjuration/Earth            3
   d - Petrify                        Transmutation/Earth          4
   e - Lee's Rapid Deconstruction     Earth                        5
 b - Hiwkulaw's Reference Book on Creation

   Spells                             Type                      Level
   a - Summon Small Mammal            Summoning                    1
   b - Call Canine Familiar           Summoning                    3
Comestibles
 g - a bread ration
 l - a royal jelly


   Skills:
 + Level 2.5 Fighting
 + Level 0.6 Short Blades
 + Level 2.5 Long Blades
 + Level 0.6 Axes
 + Level 0.6 Maces & Flails
 + Level 0.6 Polearms
 + Level 0.6 Staves
 + Level 0.6 Slings
 + Level 0.6 Bows
 + Level 0.6 Crossbows
 + Level 0.6 Throwing
 + Level 0.6 Armour
 + Level 0.6 Dodging
 + Level 4.1 Stealth
 + Level 2.5 Shields
 + Level 0.6 Unarmed Combat
 + Level 0.6 Spellcasting
 + Level 0.4 Conjurations
 + Level 3.7 Hexes
 + Level 0.4 Charms
 + Level 0.4 Summonings
 + Level 0.4 Necromancy
 + Level 0.4 Translocations
 + Level 5.4 Transmutations
 + Level 0.4 Fire Magic
 + Level 0.4 Ice Magic
 + Level 0.4 Air Magic
 + Level 0.4 Earth Magic
 + Level 0.4 Poison Magic
 + Level 0.8 Invocations
 + Level 0.6 Evocations


You had 3 spell levels left.
You didn't know any spells.

Dungeon Overview and Level Annotations

Branches:
Dungeon (2/15)

Altars:


Innate Abilities, Weirdness & Mutations

Your experience applies equally to all skills.
You have very sharp teeth.
Your uncanny sense of smell can sniff out nearby items.


Message History

You closely miss the adder.
The adder is almost dead.
You kill the adder!
You have reached level 3!
Your experience leads to an increase in your attributes!
Increase (S)trength, (I)ntelligence, or (D)exterity?
You feel agile.
You hit the rat but do no damage. The rat misses you.
You hit the rat.
The rat is poisoned.
The rat is heavily wounded.
The rat barely misses you.
You hit the rat.
You kill the rat!
You hit the worm but do no damage.
The worm is poisoned.
The worm bites you!
* * * LOW HITPOINT WARNING * * *
You barely miss the worm. You barely miss the worm.
The worm is lightly wounded.
The worm bites you!
You die...

.. .># #.# #.# #
..###.# #. .....# #..
#[#).## #..#!##..#
#?...##.#
###..#....#############
#...........w@.......<#
#.......###############
#....?.!# #.......#
##....... #.......
#...?... #........


You could see a worm.

Vanquished Creatures
  An adder (D:2)
  A dart slug (D:1)
  2 leopard geckos (D:1)
  2 goblins
  A hobgoblin (D:1)
  2 bats
  2 frilled lizards (D:1)
  3 kobolds (D:1)
  3 rats
17 creatures vanquished.

Notes
Turn   | Place    | Note
-------+----------+-------------------------------------------
     0 | D:1      | sugabear the Gnoll Wanderer began the quest for the Orb.
     0 | D:1      | sugabear set off with: a book of Geomancy, Hiwkulaw's Reference Book on Creation, a scroll of teleportation, a +0 robe, a +0 club, a +0 dagger, a bread ration
     0 | D:1      | Reached XP level 1. HP: 17/17 MP: 1/1
     0 | D:1      | Identified Hiwkulaw's Reference Book on Creation
   186 | D:1      | Reached XP level 2. HP: 20/23 MP: 2/2
   561 | D:2      | Reached XP level 3. HP: 18/28 MP: 3/3
   567 | D:2      | Slain by a worm

Vault maps used:
D:1:      saegor_arrival_under_anarchy
D:2:      minmay_pentomino_w2, uniq_sigmund

Action                   || total
-------------------------++-------
Melee: Short sword       ||    38
       Club              ||     2
 Stab: Sleeping          ||     3
Armor: Robe              ||     8
Dodge: Dodged            ||    26

Table legend:
 A = Spawn XP
 B = Non-spawn XP
 C = Spawn XP percentage of total XP
 D = Spawn monster count
 E = Non-spawn monster count
 F = Spawn count percentage of total count
 G = Total turns spent on level
                    A         B        C        D         E        F      G
               +---------+---------+-------+---------+---------+-------+---------
         Total |       0 |      39 |   0.0 |       0 |      17 |   0.0 |   567
               +---------+---------+-------+---------+---------+-------+---------
           D:1 |       0 |      22 |   0.0 |       0 |      13 |   0.0 |   532
           D:2 |       0 |      17 |   0.0 |       0 |       4 |   0.0 |    35
               +---------+---------+-------+---------+---------+-------+---------
